AoeStats
← MZTK | Vasmart

Fortress

510258302Analyzed
4v4 RM · 16h ago on Sep 30, 2026· 55m 53s· 8 players
Game mode
Random Map
Map size
Huge
Population
200
Speed
Normal
Resources
Standard
Victory
Conquest
Starting age
Dark Age
Ending age
Imperial Age
RankedLock teamsTeams togetherTeam positionsShared explorationLock speedFull tech treeHidden civsTurbo modeCheats
Victory
Defeat
🇺🇸 Dravidians · United States
1401
+11
🇺🇸 Hindustanis · United States
1366
+13
🇺🇸 Danes · United States
1278
+16
🇺🇸 Khmer · United States
1222
+19
🇵🇪 Slavs · Peru
1484
-22
🇲🇽 Bohemians · Mexico
1371
-18
🇲🇽 Franks · Mexico
1198
-11
🇲🇽 Italians · Mexico
1115
-8
Pancho
7:20 Feudal Age
11:24 Castle Age
9:27 Loom
10:23 Double-Bit Axe
13:00 Bow Saw
12:43 Gold Mining
16:30 Scale Barding Armor
19:19 Forging
25:55 Chain Barding Armor
33:35 Iron Casting
37:06 Imperial Age
34:23 Town Watch
34:42 Light Cavalry
35:23 Husbandry
35:27 Fletching
40:17 Imperial Age
40:24 Cavalier
42:17 Paladin
49:47 Wheelbarrow
49:15 Scale Mail Armor
50:16 Blast Furnace
49:54 Plate Barding Armor
51:26 Hand Cart
50:53 Capped Ram
AbrahamC96
8:03 Feudal Age
8:50 Double-Bit Axe
9:40 Loom
12:54 Castle Age
11:24 Fletching
12:22 Padded Archer Armor
13:31 Bodkin Arrow
16:28 Gold Mining
24:39 Bow Saw
27:58 Imperial Age
27:32 Leather Archer Armor
29:26 Wheelbarrow
31:46 Ring Archer Armor
37:20 Bracer
38:33 Ballistics
40:14 Chemistry
40:02 Forging
39:53 Scale Mail Armor
41:45 Iron Casting
41:38 Hand Cart
42:14 Chain Mail Armor
43:52 Blast Furnace
47:45 Two-Man Saw
50:18 Capped Ram
MZTK | Vasmart
5:48 Loom
7:53 Feudal Age
12:15 Castle Age
10:45 Double-Bit Axe
15:04 Fletching
15:35 Bow Saw
21:55 Bodkin Arrow
26:04 Wagenburg Tactics
27:16 Wheelbarrow
26:41 Man-at-Arms
27:37 Squires
27:22 Arson
29:16 Devotion
29:59 Atonement
33:17 Imperial Age
33:19 Elite Hussite Wagon
39:00 Chemistry
39:31 Ballistics
40:26 Bracer
40:20 Town Watch
49:36 Conscription
56:05 Hand Cart
Ing.Patrick QG
7:11 Feudal Age
10:50 Castle Age
8:37 Double-Bit Axe
9:15 Horse Collar
18:04 Loom
20:40 Wheelbarrow
20:37 Town Watch
22:10 Gold Mining
22:11 Stone Mining
22:42 Hand Cart
26:16 Imperial Age
24:28 Detinets
25:11 Gold Shaft Mining
24:47 Bow Saw
24:38 Heavy Plow
26:37 Scale Barding Armor
26:21 Elite Boyar
27:46 Chain Barding Armor
27:49 Conscription
26:56 Onager
27:52 Siege Engineers
28:07 Husbandry
28:17 Bloodlines
28:29 Forging
28:45 Siege Onager
30:18 Plate Barding Armor
29:40 Heavy Scorpion
31:18 Iron Casting
31:34 Ballistics
33:17 Chemistry
31:44 Light Cavalry
32:45 Masonry
33:35 Capped Ram
33:45 Hussar
35:45 Blast Furnace
35:11 Siege Ram
37:26 Fletching
39:47 Scale Mail Armor
40:53 Squires
41:11 Chain Mail Armor
43:05 Two-Man Saw
42:36 Crop Rotation
43:09 Plate Mail Armor
42:41 Druzhina
45:50 Bodkin Arrow
48:06 Hoardings
I Teach l
7:26 Feudal Age
10:56 Castle Age
9:08 Double-Bit Axe
9:54 Horse Collar
13:03 Bow Saw
18:33 Wheelbarrow
21:22 Redemption
22:36 Fervor
27:44 Imperial Age
26:02 Gold Mining
26:04 Stone Mining
28:37 Siege Engineers
29:32 Chemistry
28:53 Ballistics
30:06 Double Crossbow
30:28 Heavy Scorpion
33:33 Masonry
36:19 Conscription
38:07 Hand Cart
37:37 Loom
40:34 Gold Shaft Mining
47:12 Capped Ram
48:11 Siege Ram
53:20 Elite Battle Elephant
54:12 Bloodlines
54:02 Husbandry
55:37 Forging
55:57 Scale Barding Armor
Cain2point0
7:26 Feudal Age
11:17 Castle Age
12:09 Double-Bit Axe
12:18 Horse Collar
13:16 Bow Saw
16:55 Scale Mail Armor
22:40 Imperial Age
20:50 Wheelbarrow
20:48 Fletching
25:45 Conscription
26:16 Squires
29:16 Chain Mail Armor
29:12 Forging
30:15 Hand Cart
29:48 Loom
31:37 Iron Casting
31:48 Gold Mining
31:49 Stone Mining
32:30 Grand Trunk Road
33:06 Hoardings
33:47 Blast Furnace
34:15 Two-Man Saw
33:45 Elite Ghulam
36:25 Chemistry
35:30 Siege Engineers
36:50 Bodkin Arrow
36:55 Padded Archer Armor
37:22 Ballistics
37:13 Masonry
39:10 Town Watch
39:35 Scale Barding Armor
39:30 Bracer
40:42 Gold Shaft Mining
40:43 Stone Shaft Mining
41:18 Bloodlines
41:08 Husbandry
42:29 Chain Barding Armor
42:24 Heavy Camel Rider
47:23 Plate Barding Armor
51:40 Fortified Wall
54:21 Arson
DuckySkydiver69
7:50 Feudal Age
11:35 Castle Age
9:40 Horse Collar
10:09 Double-Bit Axe
12:41 Wheelbarrow
15:57 Bow Saw
20:27 Heavy Plow
22:27 Loom
26:05 Imperial Age
24:32 Fletching
24:43 Padded Archer Armor
25:39 Hand Cart
26:29 Bodkin Arrow
27:01 Ballistics
28:31 Chemistry
28:05 Medical Corps
28:15 Elite Elephant Archer
29:55 Bracer
29:22 Pikeman
31:01 Wootz Steel
32:01 Forging
31:51 Scale Mail Armor
32:07 Leather Archer Armor
31:56 Light Cavalry
33:26 Bombard Tower
33:04 Murder Holes
34:21 Elite Skirmisher
42:11 Halberdier
49:08 Chain Mail Armor
49:29 Iron Casting
49:25 Ring Archer Armor
50:25 Plate Mail Armor
51:58 Two-Man Saw
54:05 Blast Furnace
DEMLOUDBOYZ
6:11 Feudal Age
6:38 Feudal Age
10:37 Castle Age
8:53 Double-Bit Axe
9:01 Horse Collar
11:32 Bow Saw
11:28 Squires
11:32 Scale Mail Armor
13:49 Arson
16:12 Chain Mail Armor
17:24 Forging
18:49 Wheelbarrow
20:21 Heavy Plow
21:18 Loom
23:55 Gold Mining
26:38 Gold Shaft Mining
27:08 Hamask
28:28 Iron Casting
33:25 Imperial Age
33:47 Elite Jomsviking
35:08 Plate Mail Armor
35:38 Blast Furnace
35:30 Conscription
39:40 Coinage
39:11 Caravan
41:27 Banking
40:25 Northmen's Fury
55:07 Hoardings
54:49 Masonry
54:46 Siege Engineers
55:07 Ballistics
54:34 Arrowslits
54:40 Guard Tower
54:46 Murder Holes
54:48 Fletching
Connection lost

Rejoining the realm…

Still unreachable

The connection could not be restored.

Session expired

The server has moved on; the page needs a fresh start.